[Event "*** Titled Tuesday Blitz"]
[Site "Chess.com"]
[Date "2020.11.24"]
[Round "1"]
[White "vinniethepooh"]
[Black "poneis_malditos"]
[Result "1-0"]
[WhiteElo "2609"]
[BlackElo "2313"]
[TimeControl "180+1"]
[EndTime "10:17:19 PST"]
[Termination "vinniethepooh won by resignation"]

1. d4 d5 2. c4 c6 3. Nc3 Nf6 4. cxd5 cxd5 5. f3 e6 6. e4 dxe4 7. fxe4 Bb4 8. Bg5 Bxc3+ 9. bxc3 Qa5 10. Bxf6 Qxc3+ 11. Kf2 gxf6 12. Rc1 Qb2+ 13. Rc2 Qb6 14. Rxc8+ 1-0

[Event "*** Titled Tuesday Blitz"]
[Site "Chess.com"]
[Date "2020.11.24"]
[Round "1"]
[White "Jumbo"]
[Black "Teo2000"]
[Result "1-0"]
[WhiteElo "2848"]
[BlackElo "2428"]
[TimeControl "180+1"]
[EndTime "10:17:24 PST"]
[Termination "Jumbo won by resignation"]

1. d4 Nf6 2. Bf4 d6 3. Nc3 Nbd7 4. Nf3 h6 5. e4 g5 6. Be3 c5 7. dxc5 dxc5 8. h3 Bg7 9. e5 Nh5 10. e6 fxe6 11. Bc4 O-O 12. Nxg5 Kh8 13. Qxh5 1-0

[Event "*** Titled Tuesday Blitz"]
[Site "Chess.com"]
[Date "2020.11.24"]
[Round "1"]
[White "Marty435"]
[Black "lacafi"]
[Result "1-0"]
[WhiteElo "2527"]
[BlackElo "2201"]
[TimeControl "180+1"]
[EndTime "10:17:24 PST"]
[Termination "Marty435 won by resignation"]

1. b3 f5 2. Bb2 Nf6 3. Nf3 g6 4. Bxf6 exf6 5. c4 Bg7 6. Nc3 O-O 7. g3 Nc6 8. Bg2 Ne5 9. O-O c6 10. d4 Nf7 11. Qc2 Qc7 12. Rfe1 f4 13. e4 fxe3 14. Rxe3 d6 15. Rae1 Bf5 16. Qe2 Rad8 17. Re7 Rd7 18. Nh4 Nh6 19. Nxf5 Nxf5 20. Qe6+ Rf7 21. Qxf7+ 1-0

[Event "*** Titled Tuesday Blitz"]
[Site "Chess.com"]
[Date "2020.11.24"]
[Round "1"]
[White "eCztery"]
[Black "keepitcool9499"]
[Result "1-0"]
[WhiteElo "2350"]
[BlackElo "2620"]
[TimeControl "180+1"]
[EndTime "10:17:32 PST"]
[Termination "eCztery won by checkmate"]

1. e4 e6 2. d4 d5 3. exd5 exd5 4. Bd3 Nf6 5. Nf3 Bd6 6. O-O O-O 7. h3 b6 8. Bg5 Bb7 9. Nbd2 Nbd7 10. Re1 c5 11. Ne5 cxd4 12. Nxd7 Qxd7 13. Bxf6 gxf6 14. Qh5 Rfe8 15. Qxh7+ Kf8 16. Qh8# 1-0

[Event "*** Titled Tuesday Blitz"]
[Site "Chess.com"]
[Date "2020.11.24"]
[Round "1"]
[White "SaqoChess_Twitch"]
[Black "JiiHart"]
[Result "1-0"]
[WhiteElo "2491"]
[BlackElo "2061"]
[TimeControl "180+1"]
[EndTime "10:17:49 PST"]
[Termination "SaqoChess_Twitch won by resignation"]

1. d4 Nf6 2. c4 e6 3. Nc3 c5 4. d5 exd5 5. cxd5 d6 6. Nf3 g6 7. Bf4 Bg7 8. Qa4+ Bd7 9. Qb3 Qb6 10. Qxb6 axb6 11. Bxd6 Na6 12. e4 Nb4 13. Kd2 Nxa2 14. e5 Nxd5 15. Nxd5 Bh6+ 16. Ke1 Ra4 17. Nf6+ Kd8 18.
Nxd7 Kxd7 19. Bb5+ Ke6 20. Bxa4 1-0

[Event "*** Titled Tuesday Blitz"]
[Site "Chess.com"]
[Date "2020.11.24"]
[Round "1"]
[White "Infernal_XaM"]
[Black "Aradej"]
[Result "1-0"]
[WhiteElo "2828"]
[BlackElo "2423"]
[TimeControl "180+1"]
[EndTime "10:18:05 PST"]
[Termination "Infernal_XaM won by resignation"]

1. d4 g6 2. c4 Bg7 3. Nc3 d6 4. e4 Nd7 5. h4 h5 6. Bg5 c5 7. d5 Ngf6 8. Qd2 O-O 9. Nf3 a6 10.
a4 Ng4 11. Be2 Rb8 12. O-O Kh7 13. Rfe1 f6 14. Bf4 Nge5 15. Nxe5 dxe5 16. Be3 b6 17. a5 bxa5 18. Na4 Rb4 19. Nxc5 Nxc5 20. Bxc5 Bh6 21. Qc3 Rb8 22. Rxa5 Rxb2 23. Bxe7 Qxe7 24. Qxb2 Qc7 25. Qa3 f5 26. Bd3 Qf7 27. exf5 gxf5 28. Rxe5 Qf6 29.
Qe7+ 1-0

[Event "*** Titled Tuesday Blitz"]
[Site "Chess.com"]
[Date "2020.11.24"]
[Round "1"]
[White "SlavenPastar"]
[Black "niki_2003"]
[Result "1-0"]
[WhiteElo "2478"]
[BlackElo "1990"]
[TimeControl "180+1"]
[EndTime "10:18:05 PST"]
[Termination "SlavenPastar won by checkmate"]

1. d4 Nf6 2. c4 e6 3. Nc3 Bb4 4.
e3 b6 5. Bd3 O-O 6. Nf3 Bxc3+ 7. bxc3 Nc6 8. O-O Na5 9. e4 Ba6 10. Qe2 d6 11. Bg5 h6 12. Bh4 g5 13. Nxg5 hxg5 14. Bxg5 d5 15. e5 dxc4 16. Bxf6 cxd3 17. Qg4+ Kh7 18. Qg7# 1-0

[Event "*** Titled Tuesday Blitz"]
[Site "Chess.com"]
[Date "2020.11.24"]
[Round "1"]
[White "rugbyclub"]
[Black "Squirlolz"]
[Result "0-1"]
[WhiteElo "2182"]
[BlackElo "2525"]
[TimeControl "180+1"]
[EndTime "10:18:29 PST"]
[Termination "Squirlolz won by resignation"]

1. d4 Nf6 2. Nf3 b6 3. Bf4 Bb7 4. Nbd2 g6 5. e3 Bg7 6. h3 O-O 7. Bd3 d6 8. O-O Nbd7 9. Qe2 Nh5 10. Bh2 e5 11. g4 Nhf6 12. dxe5 dxe5 13. Nxe5 Nxe5 14.
Bxe5 Qd5 15. e4 Qxe5 16. f4 Qxb2 17. e5 Nd5 18. Kh2 Rae8 19. Rae1 Nxf4 20. Rxf4 Bxe5 0-1

[Event "*** Titled Tuesday Blitz"]
[Site "Chess.com"]
[Date "2020.11.24"]
[Round "1"]
[White "hermionegrangermagic"]
[Black "northridgehawk"]
[Result "1-0"]
[WhiteElo "2585"]
[BlackElo "2289"]
[TimeControl "180+1"]
[EndTime "10:18:37 PST"]
[Termination "hermionegrangermagic won by resignation"]

1. e4 e5 2. Nf3 Nc6 3. Bb5 a6 4. Ba4 Nf6 5. O-O b5 6. Bb3 Bc5 7. c3 d6 8. d4 Bb6 9. a4 Rb8 10. axb5 axb5 11. Bg5 h6 12. Bh4 g5 13. Bg3 Qe7 14. dxe5 dxe5 15. Nbd2 h5 16. h4 Bg4 17. hxg5 Nh7 18. Bh4 Rg8 19. g6 Bxf3 20. gxf7+ Kd7 21.
Nxf3+ Qd6 22. Qxd6+ cxd6 23. fxg8=Q Rxg8 24. Bxg8 Nf8 25. Bd5 1-0

[Event "*** Titled Tuesday Blitz"]
[Site "Chess.com"]
[Date "2020.11.24"]
[Round "1"]
[White "romulocardoso"]
[Black "GameOverBro"]
[Result "0-1"]
[WhiteElo "2104"]
[BlackElo "2504"]
[TimeControl "180+1"]
[EndTime "10:18:45 PST"]
[Termination "GameOverBro won by checkmate"]

1. e4 d6 2. d4 Nf6 3. e5 dxe5 4. dxe5 Qxd1+ 5. Kxd1 Ng4 6. Be3 Nc6 7. Bb5 Nxe5 8. Ne2 a6 9. Ba4 b5 10. Bb3 Bg4 11.
Nc3 O-O-O+ 12. Ke1 e6 13. f3 Bf5 14. Kf2 h5 15.
Ng3 Bg6 16. Nge4 b4 17. Na4 Bxe4 18. fxe4 Ng4+ 19. Kf3 Nxe3 20. Kxe3 g6 21. Rhf1 Bh6+ 22. Kf3 Rd2 23. Nc5 Ne5+ 24. Kg3 h4+ 25. Kh3 Be3 26. Nxa6 g5 27. g4 hxg3+ 28. Kxg3 Rdxh2 29. Rxf7 R8h3# 0-1

[Event "*** Titled Tuesday Blitz"]
[Site "Chess.com"]
[Date "2020.11.24"]
[Round "1"]
[White "YoungMegaMind"]
[Black "vpantev"]
[Result "1-0"]
[WhiteElo "2287"]
[BlackElo "2547"]
[TimeControl "180+1"]
[EndTime "10:18:49 PST"]
[Termination "YoungMegaMind won by resignation"]

1. d4 Nf6 2. Nf3 e6 3. c4 Bb4+ 4. Nbd2 b6 5. a3 Bxd2+ 6. Qxd2 Bb7 7. e3 O-O 8. Be2 d6 9. O-O Nbd7 10. b4 Ne4 11.
Qc2 f5 12. Bb2 Qe7 13. Rac1 Rf6 14. d5 Rg6 15. g3 Rf8 16. dxe6 Rxe6 17. Rfd1 Ng5 18.
Nxg5 Qxg5 19. c5 Rh6 20. c6 Ba8 21. Qc4+ Kh8 22. h4 Nf6 23. hxg5 1-0

[Event "*** Titled Tuesday Blitz"]
[Site "Chess.com"]
[Date "2020.11.24"]
[Round "1"]
[White "AliKa2810"]
[Black "anemih"]
[Result "1-0"]
[WhiteElo "2591"]
[BlackElo "2294"]
[TimeControl "180+1"]
[EndTime "10:18:50 PST"]
[Termination "AliKa2810 won by resignation"]

1. d4 d5 2. c4 e6 3. Nc3 Nf6 4. Bg5 Be7 5. Nf3 h6 6. Bh4 O-O 7. e3 Nbd7 8. Rc1 c5 9. cxd5 Nxd5 10. Bxe7 Nxe7 11. Be2 b6 12. O-O Bb7 13. Qb3 cxd4 14. Nxd4 Nc5 15. Qa3 e5 16. Nf3 Ng6 17. Rfd1 Qf6 18.
Nd5 Bxd5 19. Rxd5 Rfd8 20. Rxd8+ Rxd8 21. Qxa7 Rd2 22. Nxd2 1-0

[Event "*** Titled Tuesday Blitz"]
[Site "Chess.com"]
[Date "2020.11.24"]
[Round "1"]
[White "Oglob71"]
[Black "BocharovD"]
[Result "0-1"]
[WhiteElo "2402"]
[BlackElo "2785"]
[TimeControl "180+1"]
[EndTime "10:18:59 PST"]
[Termination "BocharovD won by resignation"]

1. d4 Nf6 2. Nf3 c5 3. d5 b5 4.
Bg5 Ne4 5. Bf4 Bb7 6. c4 bxc4 7. e3 Qa5+ 8. Nfd2 Bxd5 9. f3 Nxd2 10. Qxd2 Qxd2+ 11. Nxd2 Nc6 12. e4 Be6 13. Bxc4 Bxc4 14. Nxc4 g6 15.
O-O-O Bg7 16. b3 Nd4 17. Be5 Bxe5 18. Nxe5 d6 19. Nc4 f6 20. Rhe1 Kf7 21. Ne3 a5 22. Nc2 Nc6 23. a4 Rhb8 24. Re3 Rb6 25. Na3 Nd4 26. Rdd3 Rab8 27. Nc4 Rxb3 28. Rxb3 Nxb3+ 29. Kd1 Nd4 30. Nxa5 Ra8 31. Nb3 Rxa4 32. Nxd4 cxd4 33.
Rb3 Ra2 34. Rb4 Rxg2 35. Rxd4 0-1

[Event "*** Titled Tuesday Blitz"]
[Site "Chess.com"]
[Date "2020.11.24"]
[Round "1"]
[White "1nikolachess"]
[Black "Pelopidass"]
[Result "0-1"]
[WhiteElo "2309"]
[BlackElo "2608"]
[TimeControl "180+1"]
[EndTime "10:19:01 PST"]
[Termination "Pelopidass won by resignation"]

1. e4 c5 2. Nf3 d6 3. d4 cxd4 4. Nxd4 Nf6 5. Nc3 a6 6. Be3 e5 7.
Nb3 Be6 8. f3 Be7 9. Qd2 Nbd7 10. O-O-O O-O 11. g4 b5 12. g5 b4 13. Nd5 Nxd5 14. exd5 Bf5 15. h4 a5 16. Bd3 Bxd3 17.
Qxd3 a4 18. Nd2 f5 19. gxf6 Nxf6 20. Ne4 Nxe4 21. fxe4 Qc7 22. Kb1 Rac8 23. h5 Qc4 24. Rdg1 Rf3 25. Qe2 Qxe2 0-1

[Event "*** Titled Tuesday Blitz"]
[Site "Chess.com"]
[Date "2020.11.24"]
[Round "1"]
[White "MateusViageiro"]
[Black "Leonid_Starozhilov"]
[Result "0-1"]
[WhiteElo "2347"]
[BlackElo "2667"]
[TimeControl "180+1"]
[EndTime "10:19:03 PST"]
[Termination "Leonid_Starozhilov won by resignation"]

1. e4 d6 2. d4 Nf6 3. Nc3 Nbd7 4. f3 e5 5. Nge2 c6 6. a4 a5 7. Be3 g6 8. Qd2 Bg7 9. dxe5 dxe5 10. Qd6 Bf8 11.
Qd2 Be7 12. Bh6 Qc7 13. Ng3 Nc5 14. Bc4 Be6 15. Bxe6 Nxe6 16. O-O Rd8 17. Qf2 Bc5 18. Be3 Qb6 19. Bxc5 Qxc5 20. Qxc5 Nxc5 21. Kf2 Rd2+ 22. Ke3 Rxc2 23. Nge2 Ke7 24. Rab1 Rd8 25. b4 axb4 26. Rxb4 Rd3+ 0-1

[Event "*** Titled Tuesday Blitz"]
[Site "Chess.com"]
[Date "2020.11.24"]
[Round "1"]
[White "Aygehovit1992"]
[Black "IceBelka"]
[Result "1-0"]
[WhiteElo "2645"]
[BlackElo "2334"]
[TimeControl "180+1"]
[EndTime "10:19:06 PST"]
[Termination "Aygehovit1992 won by checkmate"]

1. e4 c6 2. d4 d5 3. f3 e6 4. Be3 Nf6 5. Nc3 Be7 6. e5 Nfd7 7.
f4 c5 8. Nf3 Nc6 9. Qd2 cxd4 10. Nxd4 Nxd4 11. Bxd4 Bc5 12. Nb5 O-O 13. Bd3 Bxd4 14.
Nxd4 a6 15. O-O Qb6 16. c3 Nc5 17. Rf2 Bd7 18. Re1 Rac8 19. Bb1 Bc6 20. f5 exf5 21.
Nxf5 Ne4 22. Bxe4 dxe4 23. Qg5 g6 24. Ne7+ Kg7 25. Qf6+ Kh6 26. Nf5+ Kh5 27. Qh4# 1-0

[Event "*** Titled Tuesday Blitz"]
[Site "Chess.com"]
[Date "2020.11.24"]
[Round "1"]
[White "ambaixador"]
[Black "Msb2"]
[Result "0-1"]
[WhiteElo "2454"]
[BlackElo "2915"]
[TimeControl "180+1"]
[EndTime "10:19:07 PST"]
[Termination "Msb2 won by resignation"]

1. Nf3 d5 2. c4 e6 3. d4 Nf6 4. g3 Bb4+ 5. Bd2 a5 6. a3 Be7 7. Qc2 O-O 8. Bg2 c6 9. O-O Nbd7 10. b3 b6 11. Bc3 Ne4 12. Bb2 f5 13. cxd5 cxd5 14.
Qc6 Ba6 15. Qxe6+ Kh8 16. Re1 Bb7 17. Ne5 Nxe5 18. dxe5 Nc5 0-1

[Event "*** Titled Tuesday Blitz"]
[Site "Chess.com"]
[Date "2020.11.24"]
[Round "1"]
[White "temus_galaktionov"]
[Black "Manukyan_Artak"]
[Result "1-0"]
[WhiteElo "2682"]
[BlackElo "2360"]
[TimeControl "180+1"]
[EndTime "10:19:15 PST"]
[Termination "temus_galaktionov won by resignation"]

1. d4 Nf6 2. Nf3 g6 3. c4 Bg7 4. Nc3 O-O 5. e4 d6 6. Be2 e5 7.
O-O Nc6 8. d5 Ne7 9. Ne1 Nd7 10.
f3 a5 11. g4 Nc5 12. Be3 f5 13. Nd3 b6 14. Nxc5 bxc5 15. Rb1 f4 16. Bf2 h5 17. g5 Bh3 18. Re1 Nc8 19. Kh1 Qxg5 20. Rg1 Qh6 21. Bf1 Bd7 22. h4 Bf6 23. a3 Kh7 24. b4 axb4 25. axb4 cxb4 26. Rxb4 Rf7 27. Rb7 Qf8 28. Nb5 Qd8 29. Qe1 Bxb5 30. cxb5 Ne7 31. Bh3 Ng8 32. Be6 Rg7 33. Kg2 g5 34.
hxg5 Rxg5+ 35. Kh3 Nh6 36. b6 Ra3 37. Rxg5 Bxg5 38.
bxc7 Rxf3+ 39. Kg2 Rxf2+ 40. Qxf2 1-0

[Event "*** Titled Tuesday Blitz"]
[Site "Chess.com"]
[Date "2020.11.24"]
[Round "1"]
[White "Julianos82"]
[Black "bait_or_mate"]
[Result "1/2-1/2"]
[WhiteElo "2326"]
[BlackElo "2606"]
[TimeControl "180+1"]
[EndTime "10:19:18 PST"]
[Termination "Game drawn by repetition"]

1. d4 Nf6 2. Nf3 d5 3. Bg5 e6 4.
Nbd2 c5 5. e3 Nc6 6. c3 Be7 7.
Bd3 h6 8. Bf4 Nh5 9. Be5 Nf6 10.
Bf4 O-O 11. Ne5 Nxe5 12. dxe5 Nd7 13. Qh5 f5 14. Qg6 Kh8 15. Bxh6 gxh6 16. Qxh6+ Kg8 17.
Qg6+ Kh8 18. Qh6+ Kg8 19. Qg6+ Kh8 20. Qh6+ 1/2-1/2

[Event "*** Titled Tuesday Blitz"]
[Site "Chess.com"]
[Date "2020.11.24"]
[Round "1"]
[White "googlegoom"]
[Black "ChessWarrior3"]
[Result "0-1"]
[WhiteElo "2479"]
[BlackElo "2092"]
[TimeControl "180+1"]
[EndTime "10:19:25 PST"]
[Termination "ChessWarrior3 won by resignation"]

1. Nf3 c5 2. b3 Nc6 3. Bb2 d6 4. d4 cxd4 5. Nxd4 e5 6. Nf3 Be6 7.
e3 g6 8. c4 Bg7 9. Nc3 Nge7 10. Be2 O-O 11. O-O h6 12. Qd2 f5 13.
Rfd1 e4 14. Nd4 Nxd4 15. exd4 d5 16. Ba3 Re8 17. Bxe7 Qxe7 18. Nxd5 Bxd5 19. cxd5 Qd6 20. Rac1 Kh7 21. Bc4 f4 22. Re1 Rac8 23. Re2 a6 24. Rce1 b5 25. Rxe4 Rxe4 26. Rxe4 bxc4 27. bxc4 Rxc4 28.
h4 Qxd5 29. Rxf4 Rxd4 30. Rxd4 Qxd4 31. Qa5 Qa1+ 32. Kh2 Qe5+ 0-1

[Event "*** Titled Tuesday Blitz"]
[Site "Chess.com"]
[Date "2020.11.24"]
[Round "1"]
[White "onetowin"]
[Black "Brave_spirit12"]
[Result "0-1"]
[WhiteElo "2109"]
[BlackElo "2505"]
[TimeControl "180+1"]
[EndTime "10:19:32 PST"]
[Termination "Brave_spirit12 won by resignation"]

1. d4 Nf6 2. Nf3 e6 3. g3 d5 4. Bg2 Be7 5. O-O O-O 6. c4 c5 7. cxd5 exd5 8. Nc3 Nc6 9. Bg5 c4 10. Re1 Bf5 11. Nh4 Be6 12. Rc1 h6 13. Be3 Ng4 14.
Nf3 Nxe3 15. fxe3 Qd7 16. e4 Rad8 17. exd5 Bxd5 18. e4 Be6 19. d5 Nb4 20. dxe6 Qxe6 21. Qa4 Nd3 22. Rb1 Qb6+ 0-1

[Event "*** Titled Tuesday Blitz"]
[Site "Chess.com"]
[Date "2020.11.24"]
[Round "1"]
[White "Khnykin_Nikolay"]
[Black "maxip32"]
[Result "0-1"]
[WhiteElo "2073"]
[BlackElo "2495"]
[TimeControl "180+1"]
[EndTime "10:19:36 PST"]
[Termination "maxip32 won by checkmate"]

1. e4 c5 2. d4 cxd4 3. c3 d3 4. Bxd3 Nc6 5. c4 g6 6. Nf3 Bg7 7. O-O d6 8. Nc3 Nf6 9. a3 O-O 10. Bg5 h6 11. Bf4 a5 12. Nd5 Nh5 13. Bg3 Nxg3 14.
hxg3 Bxb2 15. Ra2 Bg7 16. Qe2 Bg4 17. Qe3 e6 18. Nf4 Bxf3 19. Qxf3 Ne5 20. Qd1 Nxd3 21. Qxd3 Qc7 22. Rb1 Rfc8 23. Rc2 Ra6 24. c5 dxc5 25. Rb5 Rc6 26. Rc4 b6 27. Qf3 Rd8 28. Ne2 Rcd6 29. Kh2 Rd1 30. Qb3 Re1 31. Nf4 Rdd1 32. Kh3 h5 33. g4 Qxf4 34. Rxb6 Rh1# 0-1

[Event "*** Titled Tuesday Blitz"]
[Site "Chess.com"]
[Date "2020.11.24"]
[Round "1"]
[White "GianmarcoVaR"]
[Black "Mambastik-Fantastic"]
[Result "1-0"]
[WhiteElo "2603"]
[BlackElo "2302"]
[TimeControl "180+1"]
[EndTime "10:19:37 PST"]
[Termination "GianmarcoVaR won by checkmate"]

1. d4 Nf6 2. Nf3 g6 3. Bg5 Bg7 4. Nbd2 d6 5. c3 h6 6. Bh4 O-O 7. e4 Nbd7 8. Be2 c5 9. d5 a6 10. a4 g5 11. Bg3 Nh5 12. O-O Nxg3 13. hxg3 e6 14. dxe6 fxe6 15. Nc4 g4 16. Nh4 Nf6 17. Nxd6 Qb6 18. Nc4 Qc6 19. e5 Ne4 20. Bxg4 b5 21. Ng6 Rf7 22. axb5 axb5 23. Qd8+ Kh7 24.
Rxa8 Qxa8 25. Nb6 Qa2 26. Ne7 Bb7 27. Qg8# 1-0

[Event "*** Titled Tuesday Blitz"]
[Site "Chess.com"]
[Date "2020.11.24"]
[Round "1"]
[White "Margarita2907"]
[Black "Lion-Al-Messi"]
[Result "0-1"]
[WhiteElo "2255"]
[BlackElo "2557"]
[TimeControl "180+1"]
[EndTime "10:19:37 PST"]
[Termination "Lion-Al-Messi won by resignation"]

1. e4 b6 2. Nf3 Bb7 3. Nc3 e6 4.
d4 Bb4 5. Bd3 Nf6 6. Qe2 d5 7.
e5 Ne4 8. Bd2 Nxd2 9. Qxd2 Be7 10. O-O c5 11. Ne2 c4 12. Bxc4 dxc4 13. Ng3 Qd5 14. c3 Nd7 15. b3 cxb3 16. axb3 Qxb3 17. Rfb1 Qd5 18. Ne2 O-O 19. Nf4 Qe4 20. Re1 Qf5 21. c4 Bxf3 22. gxf3 Bg5 23. Re4 Rad8 24. Qe3 f6 25.
exf6 Rxf6 26. Rxa7 Bxf4 0-1

[Event "*** Titled Tuesday Blitz"]
[Site "Chess.com"]
[Date "2020.11.24"]
[Round "1"]
[White "cstevens1"]
[Black "Matols"]
[Result "1-0"]
[WhiteElo "2556"]
[BlackElo "2255"]
[TimeControl "180+1"]
[EndTime "10:19:40 PST"]
[Termination "cstevens1 won by resignation"]

1. e4 e6 2. d4 d5 3. Nd2 c5 4. exd5 Qxd5 5. Ngf3 cxd4 6. Bc4 Qd6 7. Qe2 Nf6 8. Nb3 Nc6 9. Bg5 Be7 10. O-O-O O-O 11. Nbxd4 Nxd4 12. Rxd4 Qc7 13. Ne5 a6 14. Rh4 b5 15.
Bd3 g6 16. Re1 Rd8 17. Qf3 Bb7 18. Qh3 Rac8 19. Nxf7 Kxf7 20. Qxe6+ Ke8 21. Bxg6+ 1-0

[Event "*** Titled Tuesday Blitz"]
[Site "Chess.com"]
[Date "2020.11.24"]
[Round "1"]
[White "TurboSteen"]
[Black "Aureliano-Buendia"]
[Result "0-1"]
[WhiteElo "1972"]
[BlackElo "2477"]
[TimeControl "180+1"]
[EndTime "10:19:42 PST"]
[Termination "Aureliano-Buendia won by resignation"]

1. e4 c5 2. Nf3 Nc6 3. d4 cxd4 4.
Nxd4 g6 5. c4 Nf6 6. Nc3 d6 7.
Be2 Nxd4 8. Qxd4 Bg7 9. O-O O-O 10. Be3 Ng4 11. Qd2 Nxe3 12. Qxe3 Be6 13. f4 Qa5 14. f5 Bxc3 15. fxe6 Bxb2 16. exf7+ Rxf7 17. Rxf7 Kxf7 18. Rf1+ Kg7 19. Qb3 Qb6+ 20. Qxb6 axb6 21. c5 bxc5 22. Bc4 Bf6 23. Rb1 Ra4 24. Bd5 e6 25. Rxb7+ Kh6 26.
Bxe6 Rxe4 27. Bg8 Bd4+ 28. Kf1 Bg7 29. a4 Rxa4 0-1

[Event "*** Titled Tuesday Blitz"]
[Site "Chess.com"]
[Date "2020.11.24"]
[Round "1"]
[White "DanielNaroditsky"]
[Black "Gogolev_Artemy"]
[Result "1-0"]
[WhiteElo "3026"]
[BlackElo "2463"]
[TimeControl "180+1"]
[EndTime "10:19:44 PST"]
[Termination "DanielNaroditsky won by resignation"]

1. e4 c6 2. Nf3 d5 3. exd5 cxd5 4.
Ne5 Nd7 5. d4 Ngf6 6. Bd3 e6 7.
O-O Nxe5 8. dxe5 Nd7 9. Bf4 Be7 10. Nd2 O-O 11. Qh5 g6 12. Qh6 Re8 13. Nf3 Bf8 14. Qh3 Bg7 15. Rfe1 Qc7 16. Re2 b6 17. Rae1 a5 18. Bh6 Ba6 19. Ng5 Nf8 20. Re3 Bxd3 21. cxd3 Rac8 22. Rf3 Qxe5 23. Rf1 Re7 24. Qh4 Qd4 25. Qh3 Qxb2 26. g3 Rc1 27. Rxc1 Qxc1+ 28. Kg2 Qc3 29. Qh4 Rc7 30. Bxg7 Kxg7 31. Qf4 h6 32. Nxf7 g5 33. Nxg5 hxg5 34. Qxf8+ Kg6 35. Qg8+ Rg7 36. Qxe6+ Kh7 37. Qxd5 g4 38. Qe4+ Kh6 39. Rf8 1-0

[Event "*** Titled Tuesday Blitz"]
[Site "Chess.com"]
[Date "2020.11.24"]
[Round "1"]
[White "DenisQ"]
[Black "OnePeculiarConundrum"]
[Result "1-0"]
[WhiteElo "2669"]
[BlackElo "2350"]
[TimeControl "180+1"]
[EndTime "10:19:44 PST"]
[Termination "DenisQ won by resignation"]

1. Nf3 c5 2. c4 Nc6 3. Nc3 g6 4.
e3 Nf6 5. d4 cxd4 6. exd4 d5 7.
cxd5 Nxd5 8. Bc4 Nxc3 9. Qb3 e6 10. bxc3 Bg7 11. Ba3 Bd7 12. Bd3 b6 13. O-O Na5 14. Qb2 Rc8 15. Rfe1 Nc4 16. Bxc4 Rxc4 17. Ne5 Bxe5 18. Rxe5 Bc6 19. Rae1 Bd5 20. Qb5+ Qd7 21. Rxd5 Qxb5 22. Rxb5 Rxc3 23. Bb2 Rc8 24. d5 Rg8 25. dxe6 fxe6 26. Rxe6+ Kd7 27. Re2 Rge8 28.
Rd5+ Kc6 29. Rdd2 Rxe2 30. Rxe2 Rd8 31. f4 Rd7 32. Kf2 Rf7 33. Kf3 a6 34. g4 b5 35.
Re6+ Kb7 36. Ke4 a5 37. f5 gxf5+ 38. gxf5 b4 39. f6 Kc8 40. Re7 Rxe7+ 41. fxe7 Kd7 42.
Bf6 a4 43. Kd3 b3 44. axb3 axb3 45. Kc3 1-0

[Event "*** Titled Tuesday Blitz"]
[Site "Chess.com"]
[Date "2020.11.24"]
[Round "1"]
[White "Beca95"]
[Black "Slovak_fighter2000"]
[Result "1-0"]
[WhiteElo "2924"]
[BlackElo "2454"]
[TimeControl "180+1"]
[EndTime "10:19:53 PST"]
[Termination "Beca95 won by resignation"]

1. d4 Nf6 2. c4 e6 3. Nc3 d5 4. Nf3 c5 5. cxd5 Nxd5 6. e4 Nxc3 7. bxc3 cxd4 8. cxd4 Bb4+ 9. Bd2 Bxd2+ 10. Qxd2 O-O 11. Bc4 Nd7 12. O-O b6 13. Rfe1 Bb7 14. Rad1 Nf6 15.
Qf4 h6 16. Bb3 Nh5 17. Qe5 Nf6 18. h4 Qb8 19. d5 Qxe5 20. Nxe5 exd5 21. exd5 Rad8 22.
d6 Nd7 23. Nxf7 Rxf7 24. Re7 Kh7 25. Rxf7 Nc5 26. Bc2+ Kg8 27. Bg6 Be4 28. h5 Bb7 29. Re1 Bd5 30. Rfe7 Bc6 31. Rc7 Bb5 32. Ree7 1-0

[Event "*** Titled Tuesday Blitz"]
[Site "Chess.com"]
[Date "2020.11.24"]
[Round "1"]
[White "emperor87"]
[Black "IANOV0007"]
[Result "0-1"]
[WhiteElo "2708"]
[BlackElo "2396"]
[TimeControl "180+1"]
[EndTime "10:19:54 PST"]
[Termination "IANOV0007 won by resignation"]

1. e4 d6 2. d4 Nf6 3. Nc3 c6 4. f4 Qb6 5. Be2 e5 6. Nf3 exd4 7. Nxd4 Be7 8. a3 O-O 9. Be3 Qc7 10. O-O Re8 11. Bf3 Bf8 12. Bf2 a5 13. Qd2 Na6 14. Kh1 Bg4 15. Bh4 Bxf3 16. gxf3 Nd7 17. Rg1 g6 18.
Rg3 Bg7 19. Rag1 Kh8 20. Nf5 Bf8 21. Bg5 Re6 22. h4 Nf6 23. Bxf6+ Rxf6 24. Qd4 Qd8 25. h5 Nc7 26. hxg6 fxg6 27. Rxg6 hxg6 28. Rxg6 Ne8 29. Rg5 Bg7 30. Nxg7 Nxg7 31. Kg2 Ne6 32. Rh5+ Kg8 33. Qc4 d5 34. Nxd5 cxd5 0-1

[Event "*** Titled Tuesday Blitz"]
[Site "Chess.com"]
[Date "2020.11.24"]
[Round "1"]
[White "Gudmundur_Kjartansson"]
[Black "barbara25"]
[Result "1-0"]
[WhiteElo "2551"]
[BlackElo "2245"]
[TimeControl "180+1"]
[EndTime "10:19:54 PST"]
[Termination "Gudmundur_Kjartansson won by resignation"]

1. d4 Nf6 2. c4 e6 3. Nf3 b6 4. g3 Bb7 5. Bg2 Be7 6. O-O O-O 7. Re1 d5 8. cxd5 exd5 9. Nc3 Nbd7 10. Bf4 c5 11.
Rc1 c4 12. Ne5 a6 13. Nxc4 dxc4 14. Bxb7 Ra7 15. Bg2 b5 16. e4 h6 17. e5 Nh7 18.
h4 Nb6 19. d5 Bc5 20. Ne4 Bb4 21. Nc3 Rd7 22. d6 Bxc3 23. bxc3 Na4 24. Be4 Nc5 25.
Bf5 Ne6 26. Qc2 g6 27. Bxe6 fxe6 28. Qxg6+ Kh8 29. Bxh6 Rg8 30. Qxe6 Ra7 31. Qd5 a5 32. Qd4 1-0

[Event "*** Titled Tuesday Blitz"]
[Site "Chess.com"]
[Date "2020.11.24"]
[Round "1"]
[White "woodhy"]
[Black "GigaQuparadze"]
[Result "0-1"]
[WhiteElo "2426"]
[BlackElo "2843"]
[TimeControl "180+1"]
[EndTime "10:19:56 PST"]
[Termination "GigaQuparadze won by resignation"]

1. e4 c5 2. Nf3 e6 3. d4 cxd4 4. Nxd4 a6 5. c4 Nf6 6. Nc3 Bb4 7.
Bd3 Nc6 8. Ne2 Bc5 9. O-O d6 10. a3 O-O 11. b4 Ba7 12. Bb2 Bd7 13.
Rc1 Ne5 14. Nf4 Rc8 15. Qe2 Nfg4 16. h3 Qg5 17. hxg4 Qxf4 18. c5 dxc5 19. g3 Qxg4 20. Qxg4 Nxg4 21. bxc5 Bxc5 22. Kg2 Bd4 23. Be2 Nf6 24.
Rfd1 Bxc3 25. Bxc3 Ba4 26. Rd4 Bc6 27. f3 Rfd8 28.
Rcd1 Rxd4 29. Bxd4 Nd7 30. Rc1 e5 31. Be3 Kf8 32. Kf2 Ke7 33. Bc4 Bb5 34. Bxb5 Rxc1 35. Bxc1 axb5 36. Ke3 Nb6 37. Kd3 Kd6 38. Kc3 Nc4 39. a4 Kc5 40. axb5 Kxb5 41. f4 Kc5 0-1

[Event "*** Titled Tuesday Blitz"]
[Site "Chess.com"]
[Date "2020.11.24"]
[Round "1"]
[White "Smirnov_Pavel"]
[Black "SHIVACalypso"]
[Result "1-0"]
[WhiteElo "2814"]
[BlackElo "2415"]
[TimeControl "180+1"]
[EndTime "10:19:57 PST"]
[Termination "Smirnov_Pavel won by resignation"]

1. d4 e6 2. Nf3 Nf6 3. c4 d5 4. Nc3 Bb4 5. Bg5 h6 6. Bxf6 Qxf6 7. e3 O-O 8. Rc1 c6 9. Bd3 Bd6 10. O-O Nd7 11. e4 Bf4 12. Rc2 dxe4 13. Nxe4 Qe7 14.
Qe2 Bc7 15. Re1 Nf6 16. Nxf6+ Qxf6 17. Qe4 g6 18. h4 Kg7 19. h5 Qf5 20. hxg6 Qxe4 21.
Bxe4 fxg6 22. d5 exd5 23. cxd5 Re8 24. dxc6 bxc6 25. Rxc6 Ba5 26. Rxg6+ Kf7 27. Bd5+ Kxg6 28. Rxe8 Rb8 29. Be6 Rxb2 30. Rxc8 Rxa2 31. Bxa2 1-0